 Dungeon Crawl Stone Soup version 0.30-a0-737-gf23d94013f (webtiles) character file.

Game seed: 11545209027002165067

354 Dittersdorf the Trooper (level 6, -4/40 HPs)
             Began as a Gargoyle Fighter on Feb 1, 2023.
             Killed from afar by Sigmund (9 damage)
             ... with a magic dart
             ... on level 4 of the Dungeon.
             The game lasted 00:03:57 (2890 turns).

Dittersdorf the Trooper (Gargoyle Fighter)          Turns: 2890, Time: 00:03:58

Health: -4/40      AC: 18    Str: 22    XL:     6   Next: 62%
Magic:  6/6        EV: 10    Int:  8    God:
Gold:   213        SH:  4    Dex:  9    Spells: 5/5 levels left

rFire   . . .      SeeInvis .    a - +0 flail
rCold   . . .      Faith    +    c - +0 buckler
rNeg    + . .      Spirit   .    t - +2 ring mail {rPois}
rPois   ∞          Reflect  .    (no helmet)
rElec   +          Harm     .    (no cloak)
rCorr   .          Rampage  .    q - +2 pair of gloves
Will    .....                    l - +2 pair of boots Stlth
                                 o - amulet of faith
HPRegen 0.26/turn                (no ring)
MPRegen 0.10/turn                (no ring)

@: no status effects
A: sickness immunity, AC +4, negative energy resistance 1, electricity
resistance, torment resistance 1, petrification resistance
a: no special abilities


You were on level 4 of the Dungeon.
You visited 1 branch of the dungeon, and saw 4 of its levels.

You collected 213 gold pieces.

Inventory:

Hand Weapons
 a - a +0 flail (weapon)
Missiles
 n - 2 poisoned darts (quivered)
Armour
 c - a +0 buckler (worn)
 l - a +2 pair of boots (worn)
 q - a +2 pair of gloves (worn)
 t - a +2 ring mail of poison resistance (worn)
Jewellery
 o - an amulet of faith (around neck)
Scrolls
 b - a scroll of fog {unknown}
 e - a scroll of enchant armour {unknown}
 f - a scroll of torment {unknown}
 i - a scroll of brand weapon {unknown}
 j - a scroll of poison {unknown}
 m - a scroll of magic mapping {unknown}
 p - 2 scrolls of teleportation {unknown}
Potions
 d - a potion of might
 g - 2 potions of brilliance {unknown}
 k - a potion of curing
 s - a potion of cancellation


   Skills:
 + Level 4.9 Fighting
 + Level 3.7 Maces & Flails
 + Level 4.8 Armour
 + Level 4.8 Shields


You had 5 spell levels left.
You didn't know any spells.
Your spell library contained the following spells:

 Spells                   Type           Power      Damage    Failure   Level
 Summon Small Mammal      Summ           0%         N/A       65%         1
 Blink                    Tloc           0%         N/A       80%         2
 Lesser Beckoning         Tloc           0%         N/A       80%         2
 Momentum Strike          Conj/Tloc      0%         3d8       80%         2
 Call Canine Familiar     Summ           0%         N/A       95%         3
 Dazzling Flash           Conj/Hex       0%         N/A       95%         3
 Summon Guardian Golem    Hex/Summ       0%         N/A       95%         3
 Iskenderun's Mystic Bla  Conj/Tloc      0%         2d3       100%        4
 Starburst                Conj/Fire      0%         6d3       100%        6


Dungeon Overview and Level Annotations

Branches:
Dungeon (4/15)
 Temple: D:4-7

Altars:
Yredelemnul

Annotations:
D:3 2 transporters, MrSquiggles's ghost, weakling MiGl
D:4 Sigmund


Innate Abilities, Weirdness & Mutations

You are immune to sickness and miasma.
Your stone body is resilient. (AC +4)
You are immune to poison.
You resist negative energy. (rN+)
You are resistant to electric shocks. (rElec)
You are resistant to unholy torment.
You are immune to petrification.


Message History

Sigmund is almost dead.
Sigmund gestures wildly while chanting.
Sigmund flickers and vanishes!
Deactivating autopickup; reactivate with Ctrl-A.
Something hits you!
* * * LOW HITPOINT WARNING * * *
You closely miss something. Something hits you.
* * * LOW HITPOINT WARNING * * *
You feel less confused. Something hits you.
* * * LOW HITPOINT WARNING * * *
You miss something. Something hits you but does no damage.
You barely miss something. You closely miss something.
You hear some strange, mumbled words.
You are confused.
Something hits you but does no damage.
You closely miss something. Something hits you but does no damage.
You bump into the rock wall.
You hear some strange, mumbled words.
You are more confused.
Something hits you but does no damage.
You bump into the rock wall.
Something hits you but does no damage.
You're too confused to move!
You hear some strange, mumbled words.
A magic dart appears from out of thin air!
The magic dart hits you but does no damage.
Something hits you but does no damage.
You bump into the rock wall.
Something hits you.
* * * LOW HITPOINT WARNING * * *
You bump into the rock wall.
Something hits you but does no damage.
You're too confused to move!
You feel less confused.
A magic dart appears from out of thin air!
The magic dart hits you!
You die...

......#.#.......##...###
@..#.#^........##.....#
#....#.........###...##
.
##..............#...###
..#.....# #..........###
........###.#..........#
........##..{.........##
#......##...........##
#....#..(.@.......###
###.###..........## ..
#......#..#### ..
#....†.#### .. #......#
. ##.(##### #....##
##....# ##...#


There were no monsters in sight!

Vanquished Creatures
  A black bear (D:3)
  A scorpion (D:4)
  An iguana (D:3)
  A hound zombie (D:3)
  4 gnolls
  4 adders
  A white imp (D:3)
  An adder zombie (D:3)
  2 dart slugs
  6 orcs
  5 endoplasms
  A giant cockroach (D:1)
  5 goblins
  8 hobgoblins
  8 jackals
  5 kobolds
  5 quokkas
  3 ball pythons
  A bat (D:3)
  A giant cockroach zombie (D:3)
  A quokka zombie (D:3)
  5 rats
70 creatures vanquished.

Vanquished Creatures (others)
  4 fungi (D:2)
  5 plants (D:2)
  4 toadstools (D:2)
13 creatures vanquished.

Grand Total: 83 creatures vanquished

Notes
Turn   | Place    | Note
-------+----------+-------------------------------------------
     0 | D:1      | Dittersdorf the Gargoyle Fighter began the quest for the
                  | Orb.
     0 | D:1      | Reached XP level 1. HP: 14/14 MP: 1/1
   117 | D:1      | Reached XP level 2. HP: 19/19 MP: 2/2
   625 | D:2      | Reached XP level 3. HP: 24/24 MP: 3/3
   671 | D:2      | Reached XP level 4. HP: 10/29 MP: 4/4
  1479 | D:3      | Found a faded altar of an unknown god.
  1703 | D:3      | Reached XP level 5. HP: 26/33 MP: 5/5
  1934 | D:3      | Found a basalt altar of Yredelemnul.
  2013 | D:3      | Found a transporter.
  2270 | D:3      | Noticed MrSquiggles's ghost (weakling MiGl)
  2299 | D:3      | Found a transporter.
  2493 | D:4      | Noticed a black bear
  2621 | D:3      | Killed a black bear
  2622 | D:3      | Reached XP level 6. HP: 28/39 MP: 6/6
  2833 | D:4      | Noticed Sigmund
  2874 | D:4      | HP: 2/40 [something (4)]
  2890 | D:4      | Killed from afar by Sigmund

Illustrated notes

Levels and vault maps discovered:
D:1:      minmay_arrival_diagonal_passages, layout_loops_ring, minmay_domino_2
D:2:      wander_river, layout_loops_ring, minmay_gold_behind_fungi,
          serial_bayou_ford_a, nicolae_concentric_dashed_squares_wild
D:3:      layout_basic, nicolae_yredelemnul_corpse_copse,
          gammafunk_ghost_stat_death, hellmonk_ecumenical_altar_dog_temple,
          minmay_misc_feat_hallway
D:4:      layout_cave_pools, nicolae_qazlal_eye_of_the_storm, tso_oasis_becter,
          uniq_sigmund

Skill      XL: |  1  2  3  4 |
---------------+-------------+-----
Fighting       | 4 |  4.9
Armour         | 4 |  4.8
Shields        | 4 |  4.8
Maces & Flails | 3 |  3.7

Action                     |  1- 3 |  4- 6 || total
---------------------------+-------+-------++-------
  Melee: Flail             |    47 |   232 ||   279
  Throw: Dart              |       |     8 ||     8
    Use: Scroll            |       |     4 ||     4
 Armour: Scale mail        |    16 |    89 ||   105
         Ring mail         |       |   119 ||   119
  Dodge: Dodged            |    22 |   141 ||   163
  Block: Buckler           |    17 |    63 ||    80

Table legend: (Time is in decaauts)
 A = Elapsed time spent in this place.
 B = Non-inter-level travel time spent in this place.
 C = Inter-level travel time spent in this place.
 D = Time resting spent in this place.
 E = Time spent auto-exploring this place.
 F = Levels seen in this place.
 G = Mean time per level.
                   A        B        C        D        E       F      G
               +--------+--------+--------+--------+--------+-----+--------+
         Total |   3018 |   2859 |    159 |    229 |   1868 |   4 |  754.5 |
       Dungeon |   3018 |   2859 |    159 |    229 |   1868 |   4 |  754.5 |
               +--------+--------+--------+--------+--------+-----+--------+

Top non-repeatable levels by time:
     D:3: 1186 daAuts
     D:2: 895 daAuts
     D:1: 652 daAuts
     D:4: 284 daAuts
